 Dungeon Crawl Stone Soup version 0.17-a0-1110-g19bd574 (webtiles) character file.

875782 spakman the Pyromancer (level 27, -32/208 (211) HPs)
             Began as a Mummy Fire Elementalist on May 17, 2015.
             Was a Believer of Vehumet.
             Killed from afar by an orb of fire (33 damage)
             ... with a bolt of fire
             ... on level 5 of the Realm of Zot on May 22, 2015.
             The game lasted 13:51:24 (161764 turns).

spakman the Pyromancer (Mummy Fire Elementalist)  Turns: 161764, Time: 13:51:24

HP:   -32/208 (211) AC: 25    Str: 11    XL:     27
MP:   16/47         EV: 25    Int: 31    God:    Vehumet [**....]
Gold: 21445         SH: 10    Dex: 25    Spells: 14 memorised, 0 levels left

rFire  + . .     SeeInvis +     a - staff of fire
rCold  + . .     Clarity  +     t - +2 faerie dragon armour {rPois Dex+7}
rNeg   + + +     SustAt   +     s - +3 buckler "Waze" {rElec rN+}
rPois  ∞         Gourm    .     W - +2 helmet
rElec  +         Spirit   .     w - +2 cloak {+Inv}
rCorr  .         Warding  .     Z - +0 pair of gloves of Hedonism {Int+2 Dex+3}
rMut   .         Stasis   .     L - +2 pair of boots {run}
MR     +++..                    K - amulet of clarity
Stlth  ++........               u - ring "Vemit" {SustAt Int+4}
                                r - ring of Eternal Night {rPois rF+ SInv}

@: quick, extremely resistant to hostile enchantments, unstealthy
A: no food or potions, fire vulnerability, cold resistance 1, negative energy
resistance 3, torment resistance, unbreathing, in touch with death 2, restore
body
a: Self-Restoration, Renounce Religion, Evoke Invisibility
}: 6/15 runes: serpentine, barnacled, slimy, silver, golden, abyssal


You were on level 5 of the Realm of Zot.
You worshipped Vehumet.
Vehumet was pleased with you.
You were not hungry.

You visited 12 branches of the dungeon, and saw 65 of its levels.
You visited the Abyss 1 time.
You visited 1 bazaar.
You visited 1 ziggurat, and saw 8 of its levels.
You also visited: Labyrinth and Ice Cave.

You collected 46822 gold pieces.
You spent 11576 gold pieces at shops.
You paid 13801 gold pieces to Gozag.

Inventory:

Hand weapons
 b - the +9 Staff of Wucad Mu {channel}
   (You found it on level 8 of the Lair of Beasts)
 H - a +1 blowgun
 Y - a +9 demon trident of electrocution
Missiles
 m - 10 throwing nets (quivered)
 P - 30 curare-tipped needles
Armour
 s - the +3 buckler "Waze" (worn) {rElec rN+}
   (You acquired it on level 1 of the Elven Halls)

   It insulates you from electricity.
   It protects you from negative energy.
 t - the +2 faerie dragon armour (worn) {rPois Dex+7}
   (You took it off the Enchantress on level 4 of the Depths)

   It affects your dexterity (+7).
   It protects you from poison.
 w - a +2 cloak of invisibility (worn)
 B - a +2 hat of magic resistance
 E - a +1 ice dragon armour
 L - a +2 pair of boots of running (worn)
 W - a +2 helmet (worn)
 Z - the +0 pair of gloves of Hedonism (worn) {Int+2 Dex+3}
   (You bought it in a shop on level 4 of the Depths)

   It affects your intelligence (+2).
   It affects your dexterity (+3).
Magical staves
 a - an uncursed staff of fire (weapon)
 S - an uncursed staff of power
Rods
 i - a +0 rod of clouds (11/11)
   (You found it on level 1 of the Tomb of the Ancients)
 y - a +9 iron rod (11/11)
   (You took it off a deep elf sorcerer on level 3 of the Elven Halls)
Jewellery
 r - the ring of Eternal Night (left hand) {rPois rF+ SInv}
   (You bought it in a shop on level 4 of the Snake Pit)

   [ring of see invisible]

   It protects you from fire.
   It protects you from poison.
   It lets you see invisible.
 u - the ring "Vemit" (right hand) {SustAt Int+4}
   (You took it off an ironheart preserver on level 5 of the Vaults)

   [ring of sustain attributes]

   It sustains your strength, intelligence and dexterity.
   It affects your intelligence (+4).
 v - an uncursed ring of wizardry
 x - a +5 ring of protection
 A - an uncursed ring of flight
 C - an uncursed ring of teleportation
 D - the ring "Qiniogg" {*Corrode rF+ MP+9 Slay+5}
   (You bought it in a shop on level 4 of the Snake Pit)

   [ring of magical power]

   It affects your accuracy and damage with ranged weapons and melee attacks
   (+5).
   It protects you from fire.
   It affects your magic capacity (+9).
   It may corrode your equipment when you take damage.
 G - the amulet of Hiyfumyll {Stasis rElec Int+5}
   (You found it on level 3 of the Tomb of the Ancients)

   [amulet of stasis]

   It prevents you from being teleported, slowed, hasted or paralysed.
   It affects your intelligence (+5).
   It insulates you from electricity.
 K - an amulet of clarity (around neck)
 V - an uncursed ring of stealth
Magical devices
 n - a wand of disintegration (6)
 p - a wand of disintegration (13)
 F - a wand of teleportation (2)
 J - a wand of heal wounds (0)
 O - a wand of hasting (1)
 Q - a wand of cold (4)
 X - a wand of teleportation (4)
Scrolls
 c - 8 scrolls of fog
 e - 2 scrolls of silence
 f - 9 scrolls of fear
 g - 10 scrolls of magic mapping
 h - 2 scrolls of torment
 j - 7 scrolls of blinking
 k - 10 scrolls of immolation
 l - 25 scrolls of remove curse
 q - 2 scrolls of amnesia
 z - 19 scrolls of identify
 R - 6 scrolls of recharging
 U - a scroll of teleportation
Books
 o - a book of Annihilations

   Spells                             Type                      Level
   a - Poison Arrow                   Conjuration/Poison           6
   b - Chain Lightning                Conjuration/Air              8
   c - Lehudib's Crystal Spear        Conjuration/Earth            8
   d - Glaciate                       Conjuration/Ice              9
   e - Fire Storm                     Conjuration/Fire             9
 T - a book of Alchemy

   Spells                             Type                      Level
   a - Sublimation of Blood           Necromancy                   2
   b - Ignite Poison                  Fire/Transmutation/Poison    3
   c - Alistair's Intoxication        Transmutation/Poison         4
   d - Condensation Shield            Ice                          4
   e - Petrify                        Transmutation/Earth          4
   f - Irradiate                      Conjuration/Transmutation    5
Miscellaneous
 d - a lamp of fire (inert)
 I - a phial of floods (inert)
 M - a legendary deck of defence {the Alchemist, drawn: 2}


   Skills:
 - Level 16.2 Fighting
   Level 7.6 Axes
 - Level 15.4 Armour
 - Level 13.3 Dodging
 - Level 1.9 Stealth
 - Level 5.0 Shields
 - Level 20.1 Spellcasting
 + Level 20.5 Conjurations
 - Level 10.2 Charms
 - Level 9.0 Necromancy
 - Level 5.0 Translocations
 * Level 23.4 Fire Magic
 - Level 11.0 Earth Magic
 - Level 16.0 Evocations


You couldn't memorise any spells.
You knew the following spells:

 Your Spells              Type           Power        Failure   Level  Hunger
a - Repel Missiles        Chrm/Air       ######       1%          2    N/A
b - Haste                 Chrm           #######.     4%          6    N/A
c - Sticky Flame          Conj/Fire      ########     0%          4    N/A
d - Blink                 Tloc           N/A          1%          2    N/A
e - Ring of Flames        Chrm/Fire      ########..   1%          7    N/A
f - Fireball              Conj/Fire      ########..   0%          5    N/A
g - Fire Storm            Conj/Fire      ########..   21%         9    N/A
i - Bolt of Fire          Conj/Fire      ########..   1%          6    N/A
j - Apportation           Tloc           ######....   1%          1    N/A
k - Passage of Golubria   Tloc           N/A          1%          4    N/A
l - Iron Shot             Conj/Erth      #######...   1%          6    N/A
m - Lee's Rapid Deconstr  Erth           #######...   1%          5    N/A
n - Dispel Undead         Necr           ########     1%          5    N/A
o - Control Teleport      Chrm/Tloc      ######....   1%          4    N/A

Dungeon Overview and Level Annotations

Branches:
Dungeon (15/15)            Temple (0/1) D:6            Lair (8/8) D:10
 Shoals (4/4) Lair:4        Snake (4/4) Lair:6        Slime (6/6) Lair:7
    Orc (4/4) D:9             Elf (3/3) Orc:3        Vaults (5/5) D:13
  Crypt (3/3) Vaults:2       Tomb (3/3) Crypt:3      Depths (5/5) D:15
    Zot (5/5) Depths:5

Altars:
Cheibriados
Dithmenos
Elyvilon
Gozag
Kikubaaqudgha
Nemelex Xobeh
Okawaru
Sif Muna
Trog
Vehumet
Xom
Yredelemnul
The Shining One
Lugonu

Shops:
D:6 !   D:11 :   D:12 (*}*   D:14 }   Orc:1 }!:   Orc:2 (   Orc:4 %(%!
Elf:1 ?   Shoals:3 [   Shoals:4 !   Snake:4 =   Vaults:2 ?   Vaults:4 ?
Depths:1 :   Depths:2 [   Depths:4 [   Depths:5 :

Portals:
Hell: Depths:1 Depths:2 Depths:4 Depths:5
Abyss: Depths:4
Pandemonium: Depths:4
Trove: D:14 (give +3 ice dragon armour)

Annotations:
D:4 Goodini51's ghost, average DsFE
Elf:2 3 runed doors


Innate Abilities, Weirdness & Mutations

You do not eat or drink.
Your flesh is vulnerable to fire.
You are immune to poison.
Your flesh is cold resistant.
You are immune to negative energy.
You are immune to unholy pain and torment.
You can survive without breathing.
You are strongly in touch with the powers of death.
You can restore your body by infusing magical energy.


Message History

Unknown command.
Unknown command.
Unknown command.
Read which item? (? for menu, Esc to quit)
As you read the scroll of summoning, it crumbles to dust.
Wisps of shadow whirl around you...
Unknown command.
Casting: Blink
Confirm with . or Enter, or press ? or * to list all spells.
You blink.
The orb of fire glows yellow.
The fireball explodes!
The fireball engulfs you! You resist.
* * * LOW HITPOINT WARNING * * *
The fireball engulfs the orb of fire.
The orb of fire completely resists.
Casting: Blink
Confirm with . or Enter, or press ? or * to list all spells.
You blink.
The orb of fire glows deep purple.
The bolt of fire hits you! You resist.
You die...

.......# ###.#.#####
..#....####.#...D/..#
.###....##....##D##.#
§§##....#######.X..##
§§§##.#.# #.####.##
X*§#§.#.# #.....*.#
§§§§....######§##§.#
#§§X§..X.XEE##.#..##
##...####XX§≈XX#@.#
###.## #8≈≈§X#...##
#.8.####.≈≈###?.##
.....#.......#..#
.#...#.....#....#
##.......####..##
##.....###...##
##...##.#...#
######....###


You could see an orb of fire.

Vanquished Creatures
  the royal jelly (Slime:6)
  6 ancient liches
  Khufu (Tomb:1)
  2 orbs of fire
  Mara (Tomb:2)
  Mennas (Crypt:1)
  28 greater mummies
  Sojobo (Vaults:2)
  Norris (Vaults:2)
  Saint Roka (Crypt:1)
  A Killer Klown (Zig:4)
  5 curse toes
  6 golden dragons
  the Enchantress (Depths:4)
  Xtahua (Crypt:1)
  5 bone dragons
  20 tentacled monstrosities
  Jorgrun (Vaults:5)
  4 electric golems
  Rupert (Lair:3)
  An Ice Fiend (IceCv)
  6 Orb Guardians (Zot:5)
  11 liches
  3 titans
  3 deep elf blademasters (Elf:3)
  A quicksilver dragon (Depths:4)
  5 deep elf master archers (Elf:3)
  22 acid blobs
  Polyphemus (Shoals:3)
  An Executioner (Abyss:5)
  18 tentacled starspawn
  5 ancient champions
  The ghost of aleksiL the Black Belt, a mighty DsWz of Okawaru (Depths:1)
  6 tengu reavers
  Kirke (Lair:5)
  9 shadow dragons
  10 sphinxes
  9 greater nagas
  23 storm dragons
  16 azure jellies
  The ghost of Sinthome the Black Belt, a mighty DsMo of Okawaru (Depths:1)
  5 draconian monks
  Ilsuiw (Shoals:4)
  12 fire giants
  Wiglaf (Crypt:3)
  The ghost of Kisielow the Tortoise, a mighty GrGl of Okawaru (Shoals:4)
  6 revenants
  10 deep elf sorcerers
  6 draconian knights
  Donald (Orc:3)
  3 ghost moths
  Maud (Lair:5)
  2 iron dragons
  16 frost giants
  Aizul (Shoals:2)
  17 vault wardens
  3 draconian scorchers
  2 curse skulls
  3 cacodemons
  8 draconian shifters
  6 draconian zealots
  The ghost of Somebody the Severer, a powerful HOGl of Beogh (Snake:3)
  2 emperor scorpions
  3 orc warlords
  A balrug (Abyss:3)
  2 angels
  5 draconian annihilators
  4 spriggan defenders
  25 ironheart preservers
  23 very ugly things
  2 ghouls (Crypt:1)
  8 reapers
  27 stone giants
  2 war gargoyles
  7 green draconians
  A draconian caller (Depths:5)
  Nessos (D:15)
  8 deep elf demonologists
  11 bennus
  8 white draconians
  7 mottled draconians
  2 vampire knights
  6 purple draconians
  A black draconian (Zot:2)
  A dire elephant (Zig:6)
  8 deep elf annihilators
  14 red draconians
  7 yellow draconians
  A green death (Zig:7)
  Snorg (Orc:3)
  9 merfolk javelineers
  21 fire dragons
  5 deep elf death magi
  4 crystal guardians
  A minotaur (Lab)
  26 mummy priests
  42 vault guards
  2 deep elf high priests (Vaults:5)
  25 ettins
  9 jiangshi
  12 eidola
  Josephine (Lair:6)
  14 yaktaur captains
  7 death oozes
  8 hydras
  6 merfolk impalers
  10 death cobs
  14 great orbs of eyes
  3 rakshasas
  20 ice dragons
  Harold (D:12)
  An ice dragon (shapeshifter) (Depths:2)
  25 ogre magi
  20 naga warriors
  11 anacondas
  7 entropy weavers
  9 spriggan air magi
  A hydra (shapeshifter) (Depths:2)
  11 centaur warriors
  5 merfolk avatars
  2 alligators (Zig:7)
  3 catoblepae
  A hell beast (Depths:5)
  2 death knights
  A ghost crab (shapeshifter) (Vaults:2)
  An alligator snapping turtle (Shoals:4)
  4 merfolk aquamancers
  3 dancing weapons
  7 salamander stormcallers
  5 vampire magi
  2 fire crabs
  16 deep troll shamans
  2 orc high priests
  2 satyrs (Shoals:3)
  5 spriggan berserkers
  6 death yaks
  14 tengu warriors
  6 thrashing horrors
  7 shock serpents
  25 naga sharpshooters
  Urug (D:12)
  19 deep troll earth magi
  5 deep elf knights
  Nergalle (Lair:2)
  4 iron trolls
  17 soul eaters
  2 sun demons
  2 shadow wraiths
  2 storm dragon zombies (Depths:3)
  3 titan skeletons
  8 wretched stars
  The ghost of Bikaver the Nimble, an experienced OpCj of Vehumet (Lair:1)
  19 skeletal warriors
  A spatial maelstrom (Abyss:3)
  2 unseen horrors
  6 giant orange brains
  17 hell knights
  2 storm dragon skeletons
  66 deep trolls
  A shadow demon (Depths:4)
  23 death scarabs
  18 ironbrand convokers
  A spectral hydra (Vaults:2)
  8 ice devils
  A swamp dragon (Zig:7)
  17 sea snakes
  4 golden dragon zombies
  4 ice statues (IceCv)
  10 deep elf summoners
  A spriggan druid (Zig:7)
  An obsidian statue (Zig:7)
  13 naga ritualists
  A golden dragon skeleton (Depths:3)
  26 necromancers
  An orb spider (shapeshifter) (D:14)
  Pikel (D:8)
  14 orc knights
  A shadow dragon zombie (Crypt:3)
  An orb spider (Abyss:3)
  An anaconda skeleton (Crypt:1)
  A harpy (shapeshifter) (Elf:1)
  19 harpies
  7 flayed ghosts
  2 tengu zombies
  17 deep elf conjurers
  12 hill giants
  15 phantasmal warriors
  11 manticores
  17 mana vipers
  17 griffons
  A stone giant zombie (Crypt:3)
  4 hornets
  53 anubis guards
  4 orc sorcerers
  4 water nymphs
  14 wizards
  A hornet (shapeshifter) (Zig:4)
  55 ugly things
  2 fire giant zombies
  20 vault sentinels
  11 cyclopes
  2 tengu skeletons (Depths:3)
  A draconian (shapeshifter) (Depths:1)
  14 fauns
  11 salamanders
  16 moths of wrath
  A frost giant zombie (Crypt:3)
  8 shining eyes
  4 sixfirhies
  2 worldbinders (Abyss:5)
  13 wolf spiders
  48 black mambas
  5 iron dragon skeletons
  20 naga magi
  2 guardian serpents (shapeshifter)
  20 sirens
  A fire giant skeleton (Crypt:3)
  Maurice (D:8)
  A stone giant skeleton (Crypt:3)
  An apocalypse crab (Abyss:2)
  Joseph (D:7)
  6 guardian serpents
  6 centaur zombies
  2 frost giant skeletons
  3 eyes of devastation
  A hellion (Abyss:5)
  Psyche (D:9)
  5 smoke demons
  A torpor snail (Lair:6)
  An efreet (Zot:2)
  2 yaktaurs (shapeshifter)
  2 fire drakes
  5 gargoyles
  37 spiny frogs
  3 centaur skeletons
  A tormentor (Abyss:5)
  A shock serpent skeleton (Crypt:3)
  A kobold demonologist (Vaults:1)
  A catoblepas zombie (Crypt:3)
  A spiny frog (shapeshifter) (Vaults:5)
  A golden dragon simulacrum (IceCv)
  2 elf skeletons
  A grey draconian skeleton (Crypt:2)
  2 silent spectres (Abyss:5)
  A demonic crawler (Abyss:1)
  7 blue devils
  11 hellwings
  A hydra zombie (Crypt:3)
  4 wandering mushrooms (Lab)
  An elf (shapeshifter) (Zig:5)
  A yaktaur skeleton (Zig:3)
  3 anaconda simulacra (IceCv)
  36 guardian mummies
  4 jumping spiders
  13 deep elf priests
  15 freezing wraiths
  16 komodo dragons
  5 tengu conjurers
  A yellow draconian skeleton (Crypt:1)
  A queen ant zombie (Crypt:2)
  4 red devils
  5 ancient zymes (Abyss:5)
  3 giant leeches (Lair:8)
  24 trolls
  35 merfolk
  7 wind drakes
  69 yaktaurs
  2 sea snake skeletons
  8 snapping turtles
  A trapdoor spider zombie (D:8)
  123 slime creatures
  2 bog bodies
  Prince Ribbit (D:5)
  24 ravens
  A polar bear (Lair:8)
  A wind drake (shapeshifter) (Elf:2)
  2 ravens (shapeshifter)
  7 boulder beetles
  30 blink frogs
  9 raiju
  2 stone giant simulacra
  2 fire dragon zombies
  An ettin zombie (Crypt:3)
  A wolf spider simulacrum (Vaults:1)
  43 two-headed ogres
  A hydra skeleton (Tomb:2)
  18 ushabtiu
  8 air elementals
  A snapping turtle (shapeshifter) (Depths:2)
  4 ynoxinuls
  5 vampires
  2 black mamba zombies
  19 redbacks
  18 flying skulls
  22 large abominations
  3 tarantellas
  4 spriggans
  An ice dragon skeleton (Crypt:1)
  27 starcursed masses
  2 wyverns
  2 fire dragon skeletons (Crypt:3)
  3 hogs
  35 deep elf magi
  16 wraiths
  2 trapdoor spiders (Lab)
  A dire elephant simulacrum (Abyss:5)
  58 yaks
  16 water elementals
  13 fire elementals (Zot:2)
  8 shadows
  4 basilisks
  A basilisk (shapeshifter) (Vaults:1)
  A human (shapeshifter) (Depths:2)
  34 deep elf fighters
  15 hippogriffs
  Grum (Lair:1)
  2 steam dragons
  7 golden eyes
  2 mottled dragons (Vaults:1)
  25 vampire mosquitoes
  4 hungry ghosts
  2 harpy simulacra (IceCv)
  9 neqoxecs
  Menkaure (D:7)
  2 yaktaur simulacra (Vaults:1)
  7 chaos spawn
  A water moccasin (shapeshifter) (Vaults:4)
  A soldier ant (D:13)
  2 wolves (shapeshifter)
  7 wolves
  A hydra simulacrum (IceCv)
  A spiny frog zombie (Crypt:3)
  6 wargs
  46 nagas
  7 raven skeletons (Crypt:3)
  A spider (Crypt:3)
  An ice beast (shapeshifter) (Vaults:1)
  An orb spider zombie (Crypt:1)
  3 human skeletons
  30 water moccasins
  A water nymph zombie (Crypt:1)
  3 ettin simulacra (IceCv)
  A dwarf (shapeshifter) (D:15)
  An infernal demonspawn skeleton (Crypt:2)
  9 ice beasts
  8 eyes of draining
  A manticore zombie (Crypt:3)
  6 wasps
  7 porcupines
  A snapping turtle zombie (Tomb:1)
  A hell hound (Abyss:5)
  A spriggan simulacrum (Depths:1)
  A black bear (D:10)
  4 swamp drakes
  39 orc warriors
  6 necrophages
  2 phantoms
  A spiny frog skeleton (Tomb:3)
  18 centaurs
  A boggart (shapeshifter) (D:15)
  26 crocodiles
  A manticore skeleton (Tomb:3)
  5 sky beasts
  98 ogres
  5 lost souls (Crypt:3)
  A snapping turtle skeleton (Crypt:3)
  15 boggarts
  An eye of draining (shapeshifter) (Vaults:3)
  33 giant frogs
  11 big kobolds
  A vine stalker zombie (Crypt:2)
  A brain worm (Abyss:3)
  A fire drake skeleton (Crypt:2)
  A vine stalker skeleton (Crypt:2)
  2 water moccasin zombies
  2 wyvern skeletons
  12 small abominations
  12 killer bees
  6 scorpions
  13 wights
  A swamp dragon simulacrum (Tomb:2)
  12 crimson imps
  5 electric eels
  35 orc priests
  10 hounds
  2 quasits
  32 jellies
  Crazy Yiuf (D:6)
  A demonspawn skeleton (Crypt:1)
  2 iron imps
  A giant frog skeleton (D:11)
  42 orc wizards
  A hell rat (Elf:2)
  14 iguanas
  8 worker ants
  A worker ant (shapeshifter) (Depths:3)
  14 sheep
  A killer bee zombie (Crypt:2)
  A sheep (shapeshifter) (Abyss:2)
  2 naga skeletons
  47 mummies
  A worker ant zombie (D:9)
  10 gnolls
  An adder (shapeshifter) (Depths:1)
  106 river rats
  A scorpion zombie (Crypt:2)
  11 adders
  5 shadow imps
  A tengu simulacrum (Tomb:3)
  A white imp (Depths:3)
  4 ufetubi
  2 oozes
  A lava snake zombie (Crypt:1)
  2 adder zombies
  4 worms
  4 giant geckos
  246 orcs
  5 ball pythons
  3 bat skeletons
  6 giant cockroaches
  17 hobgoblins
  7 jackals
  3 quokkas
  A ball python zombie (D:5)
  12 bats
  10 giant newts
  30 goblins
  A goblin zombie (Crypt:1)
  13 kobolds
  2 kobold skeletons (Crypt:3)
  17 rats
  A spectral kobold (Vaults:2)
  A bush (Lair:6)
  2 fungi
  9 plants
  16 starspawn tentacles
  3 starspawn tentacle segments (Abyss:3)
4042 creatures vanquished.

Vanquished Creatures (collateral kills)
  An Orb Guardian (Zot:5)
  A centaur (Vaults:4)
2 creatures vanquished.

Vanquished Creatures (others)
  A fire giant (Vaults:5)
  A bennu (Tomb:2)
  An ettin (Vaults:5)
  A centaur warrior (Vaults:5)
  A death yak (Shoals:3)
  21 death scarabs
  A phantasmal warrior (Crypt:1)
  An anubis guard (Tomb:2)
  A slime creature (Vaults:1)
  A stone giant zombie (Tomb:2)
  A moth of wrath (Zot:2)
  A shock serpent zombie (Tomb:2)
  10 water elementals
  2 fire elementals (Zot:5)
  An ancient zyme (Abyss:5)
  A fire vortex (Zot:1)
  5 flying skulls (Tomb:2)
  4 humans (Lair:6)
  A mottled dragon (Vaults:2)
  A sky beast (D:8)
  4 slaves (D:8)
  7 lost souls
  2 giant frogs
  A killer bee (D:8)
  An orc wizard (D:5)
  A centaur zombie (D:8)
  An iguana (D:10)
  A worker ant (D:12)
  A small abomination (Abyss:5)
  A hound skeleton (D:8)
  4 mummies (Tomb:2)
  2 orcs (D:8)
  13 fungi
  22 plants
  31 starspawn tentacles
  199 starspawn tentacle segments
348 creatures vanquished.

Grand Total: 4392 creatures vanquished

Notes
Turn   | Place    | Note
--------------------------------------------------------------
     0 | D:1      | spakman the Mummy Fire Elementalist began the quest for the Orb.
     0 | D:1      | Reached XP level 1. HP: 13/13 MP: 3/3
   105 | D:1      | Reached skill level 1 in Conjurations
   392 | D:1      | Reached XP level 2. HP: 10/19 MP: 0/5
   623 | D:1      | Learned a level 2 spell: Throw Flame
  1212 | D:2      | Reached skill level 3 in Fire Magic
  1212 | D:2      | Reached XP level 3. HP: 24/24 MP: 4/6
  1481 | D:2      | Found a basalt altar of Yredelemnul.
  1665 | D:2      | Reached XP level 4. HP: 30/30 MP: 4/7
  1693 | D:2      | Learned a level 4 spell: Sticky Flame
  2518 | D:3      | Reached XP level 5. HP: 31/35 MP: 3/9
  2775 | D:3      | Reached skill level 4 in Fire Magic
  3192 | D:4      | Got a bound amber ring
  3193 | D:4      | Identified the ring "Enwahem" {SustAb MR++} (You found it on level 4 of the Dungeon)
  3475 | D:4      | Learned a level 2 spell: Blink
  3516 | D:4      | Found an opulent altar of Gozag.
  3526 | D:4      | Became a worshipper of Gozag Ym Sagoz the Greedy
  3603 | D:4      | Noticed Goodini51's ghost (average DsFE)
  3618 | D:5      | Entered Level 5 of the Dungeon
  3618 | D:5      | Found a white marble altar of Elyvilon.
  3782 | D:5      | Reached XP level 6. HP: 41/41 MP: 0/10
  4057 | D:5      | Noticed Prince Ribbit
  4062 | D:5      | Killed Prince Ribbit
  4062 | D:5      | Reached skill level 5 in Fire Magic
  4062 | D:5      | Reached XP level 7. HP: 17/46 MP: 4/11
  4719 | D:5      | Reached skill level 6 in Fire Magic
  4835 | D:5      | Found a snail-covered altar of Cheibriados.
  5501 | D:5      | Reached XP level 8. HP: 52/52 MP: 10/12
  5633 | D:6      | Found Riseute's Distillery.
  5767 | D:6      | Found a staircase to the Ecumenical Temple.
  5900 | D:6      | Got an encrusted leather armour
  5911 | D:6      | Identified the cursed +0 leather armour "Osetaitt" {rCorr Dex+2} (You found it on level 6 of the Dungeon)
  5941 | D:6      | Noticed Crazy Yiuf
  5960 | D:6      | Killed Crazy Yiuf
  5960 | D:6      | Reached skill level 7 in Fire Magic
  6466 | D:8      | Noticed Pikel
  6612 | D:7      | Learned a level 3 spell: Conjure Flame
  6799 | D:7      | Noticed Menkaure
  6801 | D:7      | Killed Menkaure
  6801 | D:7      | Reached skill level 8 in Fire Magic
  7258 | D:7      | Reached XP level 9. HP: 37/57 MP: 9/14
  7600 | D:7      | Noticed Joseph
  7614 | D:7      | Killed Joseph
  7614 | D:7      | Reached skill level 9 in Fire Magic
  8339 | D:8      | Killed Pikel
  8339 | D:8      | Reached skill level 5 in Spellcasting
  8472 | D:8      | Learned a level 5 spell: Fireball
  8644 | D:8      | Reached skill level 5 in Conjurations
  8713 | D:8      | Noticed Maurice
  8724 | D:8      | Killed Maurice
  8873 | D:8      | Reached skill level 10 in Fire Magic
  8940 | D:7      | Reached XP level 10. HP: 40/63 MP: 3/18
 10537 | D:9      | Noticed Psyche
 11285 | D:9      | Found a staircase to the Orcish Mines.
 11290 | D:10     | Entered Level 10 of the Dungeon
 12930 | D:10     | Reached XP level 11. HP: 53/68 MP: 1/22
 13050 | D:10     | Learned a level 1 spell: Sting
 13055 | D:10     | Learned a level 3 spell: Stone Arrow
 13058 | D:10     | Learned a level 2 spell: Shroud of Golubria
 13632 | D:10     | Noticed a hill giant
 13783 | D:10     | Killed a hill giant
 13870 | D:10     | Found a staircase to the Lair.
 13904 | Lair:1   | Entered Level 1 of the Lair of Beasts
 14116 | Lair:1   | Got a crystal broad axe
 14117 | Lair:1   | Identified the +7 broad axe "Wucov" {vamp, Stlth+} (You found it on level 1 of the Lair of Beasts)
 14441 | Lair:1   | Noticed Bikaver's ghost (experienced OpCj)
 14448 | Lair:1   | Killed Bikaver's ghost
 14448 | Lair:1   | Reached skill level 1 in Fighting
 14448 | Lair:1   | Reached skill level 1 in Axes
 14759 | Lair:1   | Noticed Grum
 14773 | Lair:1   | Killed Grum
 15318 | Lair:2   | Noticed Nergalle
 15347 | Lair:2   | Killed Nergalle
 16086 | Lair:2   | Reached skill level 5 in Fighting
 17128 | Lair:3   | Noticed Rupert
 17204 | Lair:3   | Reached XP level 12. HP: 87/87 MP: 14/24
 17269 | Lair:3   | Reached skill level 5 in Axes
 17422 | Lair:3   | Noticed a five-headed hydra
 17429 | Lair:3   | Killed a five-headed hydra
 18110 | Lair:3   | Killed Rupert
 18665 | Lair:4   | Found a labyrinth entrance.
 18860 | Lab      | Entered a labyrinth
 20227 | Lab      | Noticed a minotaur
 20243 | Lab      | Killed a minotaur
 20252 | Lab      | Got a transparent ring mail
 20275 | Lab      | Got an iridescent scimitar
 20278 | Lab      | Identified the +5 scimitar of Analysis {elec, Dex+4} (You found it in a labyrinth)
 20472 | Lab      | Identified the cursed +0 ring mail of the Doldrums {rElec rC+ MR+} (You took it off a minotaur in a labyrinth)
 20894 | Lair:4   | Reached skill level 10 in Spellcasting
 20898 | Lair:4   | Found a staircase to the Shoals.
 21475 | Lair:5   | Learned a level 1 spell: Apportation
 21480 | Lair:5   | Learned a level 4 spell: Passage of Golubria
 21566 | Lair:5   | Noticed Maud
 21611 | Lair:5   | Killed Maud
 22089 | Lair:5   | Noticed a catoblepas
 22141 | Lair:5   | Gained mutation: You are in touch with the powers of death. [Mummy growth]
 22141 | Lair:5   | Gained mutation: You can restore your body by infusing magical energy. [Mummy growth]
 22141 | Lair:5   | Reached XP level 13. HP: 98/98 MP: 15/27
 22572 | Lair:5   | Reached skill level 1 in Translocations
 22599 | Lair:5   | Killed a catoblepas
 23481 | Lair:6   | Noticed Kirke
 23625 | Lair:5   | Killed Kirke
 23941 | Lair:6   | Found a staircase to the Snake Pit.
 24341 | Lair:6   | Noticed Josephine
 24460 | Lair:6   | Killed Josephine
 25506 | Lair:6   | Reached skill level 11 in Spellcasting
 26201 | Lair:7   | Found a staircase to the Slime Pits.
 27314 | Lair:8   | Entered Level 8 of the Lair of Beasts
 27474 | Lair:8   | Reached skill level 5 in Translocations
 27905 | Lair:8   | Reached XP level 14. HP: 105/105 MP: 24/29
 29475 | Lair:8   | Got a slimy ivory ring
 29861 | Lair:8   | Reached skill level 1 in Evocations
 30939 | Lair:8   | Identified the ring of Ydatod {Ice *Contam rPois rN+ Slay+2 SInv} (You found it on level 8 of the Lair of Beasts)
 31836 | D:9      | Found an iron altar of Okawaru.
 31837 | D:9      | Found a bloodstained altar of Trog.
 32120 | D:9      | Found a shimmering altar of Xom.
 32122 | D:9      | Found a shimmering altar of Xom.
 32122 | D:9      | Found a shimmering altar of Xom.
 32125 | D:9      | Found a shimmering altar of Xom.
 32238 | Orc:1    | Entered Level 1 of the Orcish Mines
 32259 | Orc:1    | Reached skill level 12 in Fire Magic
 32362 | Orc:2    | Found Kuzuguor's Antique Weapon Boutique.
 32452 | Orc:2    | Noticed an orc warlord
 32473 | Orc:3    | Found a staircase to the Elven Halls.
 32762 | Orc:1    | Found Xoeghi's Book Shop.
 32777 | Orc:1    | Bought a book of Power for 585 gold pieces
 32785 | Orc:1    | Learned a level 5 spell: Bolt of Magma
 32857 | Orc:4    | Entered Level 4 of the Orcish Mines
 33149 | Orc:4    | Reached skill level 1 in Earth Magic
 34208 | Orc:3    | Found a radiant altar of Vehumet.
 34473 | Orc:3    | Noticed Snorg
 34486 | Orc:3    | Killed Snorg
 34746 | Orc:3    | Reached skill level 5 in Evocations
 34809 | Orc:3    | Noticed an orc warlord
 34894 | Orc:3    | Killed an orc warlord
 34995 | Orc:3    | Noticed Donald
 35135 | Orc:1    | Found Jihyivest's Gadget Emporium.
 35141 | Orc:1    | Found Isiunoirph's Distillery.
 35175 | Orc:1    | Bought a wand of teleportation (4) for 336 gold pieces
 35279 | Orc:1    | Bought a wand of fire (8) for 336 gold pieces
 35412 | Orc:1    | Found a deep blue altar of Sif Muna.
 35663 | Orc:3    | Killed Donald
 35792 | Orc:4    | Reached XP level 15. HP: 110/110 MP: 9/30
 36111 | Orc:3    | Noticed an orc warlord
 36874 | Orc:4    | Found Vouduroff's Food Shoppe.
 36878 | Orc:4    | Found Pimur's Food Shoppe.
 36887 | Orc:4    | Found Fueruez's Distillery.
 36892 | Orc:4    | Found Lozuddod's Weapon Emporium.
 38335 | Orc:2    | Killed an orc warlord
 39085 | Orc:3    | Killed an orc warlord
 39534 | Elf:1    | Entered Level 1 of the Elven Halls
 39639 | Elf:1    | Found Tyomonas's Magic Scroll Emporium.
 39775 | Elf:1    | Bought a scroll of acquirement for 676 gold pieces
 39778 | Elf:1    | Got a bloodstained buckler
 39784 | Elf:1    | Identified the +3 buckler "Waze" {rElec rN+} (You acquired it on level 1 of the Elven Halls)
 40010 | Elf:1    | Reached skill level 1 in Shields
 40844 | Elf:2    | Got a jewelled mace
 41214 | Elf:2    | Noticed an azure jelly
 41218 | Elf:2    | Killed an azure jelly
 41233 | Elf:2    | Found a frozen archway.
 41335 | IceCv    | Entered an ice cave
 41360 | IceCv    | Reached skill level 5 in Shields
 42006 | IceCv    | Reached skill level 10 in Conjurations
 42871 | IceCv    | Noticed an Ice Fiend
 42878 | IceCv    | Killed an Ice Fiend
 42933 | IceCv    | Identified the Disquisition on Confrontation and Ignition (You acquired it in an ice cave)
 43379 | Elf:2    | Reached XP level 16. HP: 110/117 MP: 23/32
 43390 | Elf:2    | Found a runed gate.
 43390 | Elf:2    | Found a runed gate.
 43390 | Elf:2    | Found a runed gate.
 43895 | Elf:2    | Identified the cursed +1 mace "Giprosue" {crush, rN+ Dex+2} (You took it off a deep elf sorcerer on level 2 of the Elven Halls)
 44242 | Elf:3    | Entered Level 3 of the Elven Halls
 44257 | Elf:3    | Reached skill level 13 in Spellcasting
 44417 | Elf:3    | Found a flickering gateway to a bazaar.
 44433 | Bazaar   | Entered a bazaar
 44436 | Bazaar   | Found Fuocuqi's Distillery.
 44450 | Bazaar   | Found Elefusus's Magic Scroll Shop.
 44450 | Bazaar   | Found Fegian's Magic Scroll Boutique.
 44487 | Bazaar   | Found Eghixzon's Armour Boutique.
 44492 | Bazaar   | Bought the +0 pair of boots of the Onion {MR+ Dex+2} for 191 gold pieces
 44492 | Bazaar   | Bought a +2 helmet for 148 gold pieces
 44532 | Bazaar   | Bought a scroll of silence for 105 gold pieces
 44532 | Bazaar   | Bought a scroll of magic mapping for 49 gold pieces
 44532 | Bazaar   | Bought a scroll of amnesia for 49 gold pieces
 44532 | Bazaar   | Bought a scroll of blinking for 105 gold pieces
 44532 | Bazaar   | Bought a scroll of fog for 28 gold pieces
 44538 | Bazaar   | Bought a scroll of blinking for 120 gold pieces
 44551 | Bazaar   | Learned a level 5 spell: Lee's Rapid Deconstruction
 44630 | Elf:3    | Noticed a deep elf master archer
 45130 | D:11     | Found Zattu's Book Emporium.
 45235 | D:12     | Found Ifug's General Store.
 45656 | D:12     | Found Sezxel's Gadget Emporium.
 45657 | D:12     | Found Esmigyr's Assorted Antiques.
 45679 | D:12     | Bought a long glass wand for 108 gold pieces
 45798 | D:12     | Noticed Harold
 45838 | D:12     | Killed Harold
 46383 | D:12     | Found Vonis's Antique Weapon Emporium.
 46385 | D:12     | Noticed Urug
 46393 | D:12     | Killed Urug
 47845 | D:13     | Found a gate to the Vaults.
 47860 | D:13     | Killed an unseen horror
 48436 | D:13     | Found a sparkling altar of Nemelex Xobeh.
 49831 | D:14     | Identified a -1 rod of the swarm (9/9) (You found it on level 14 of the Dungeon)
 49925 | D:14     | Reached skill level 5 in Earth Magic
 50368 | D:14     | Found a glowing golden altar of the Shining One.
 50404 | D:14     | Found Naochooc's Gadget Shoppe.
 50918 | D:14     | Found a portal to a secret trove of treasure.
 51029 | D:15     | Entered Level 15 of the Dungeon
 51362 | D:15     | Noticed Nessos
 51367 | D:15     | Killed Nessos
 51927 | D:15     | Reached XP level 17. HP: 83/122 MP: 1/34
 52339 | D:15     | Found a shadowy altar of Dithmenos.
 52689 | D:15     | Found a staircase to the Depths.
 53414 | D:11     | Bought a book of the Dragon for 1440 gold pieces
 53487 | D:9      | Killed Psyche
 53747 | Lair:4   | Reached skill level 10 in Evocations
 53806 | Lair:5   | Learned a level 6 spell: Bolt of Fire
 54366 | Snake:1  | Entered Level 1 of the Snake Pit
 57498 | Snake:2  | Learned a level 2 spell: Repel Missiles
 58377 | Snake:3  | Noticed Somebody's ghost (powerful HOGl)
 58799 | Snake:3  | Killed Somebody's ghost
 59877 | Snake:3  | Reached XP level 18. HP: 129/129 MP: 19/35
 61121 | Snake:4  | Entered Level 4 of the Snake Pit
 61122 | Snake:4  | Found Zenluilo's Jewellery Shop.
 61128 | Snake:4  | Bought the ring of Eternal Night {rPois rF+ SInv} for 564 gold pieces
 63149 | Snake:4  | Reached skill level 14 in Conjurations
 65256 | Snake:4  | Got a serpentine rune of Zot
 66814 | Shoals:1 | Entered Level 1 of the Shoals
 68057 | Shoals:2 | Reached XP level 19. HP: 120/134 MP: 10/36
 68688 | Shoals:2 | Identified Lehudib's Reference Book on Battle Magic (You acquired it on level 2 of the Shoals)
 68690 | Shoals:2 | Identified the Almanac of Pragmatism (You acquired it on level 2 of the Shoals)
 68706 | Shoals:3 | Noticed Polyphemus
 68928 | Shoals:2 | Noticed Aizul
 68937 | Shoals:2 | Killed Aizul
 69654 | Shoals:4 | Entered Level 4 of the Shoals
 69654 | Shoals:4 | Noticed Kisielow's ghost (mighty GrGl)
 70724 | Shoals:3 | Killed Polyphemus
 71194 | Shoals:3 | Found Yggugo's Antique Armour Shop.
 72207 | Shoals:3 | Bought a pair of runed gloves for 126 gold pieces
 72218 | Shoals:3 | Bought a jewelled buckler for 266 gold pieces
 72228 | Shoals:3 | Identified the cursed -2 buckler "Meureuku" {+Fly rF+++ rC- MR+} (You bought it in a shop on level 3 of the Shoals)
 72517 | Shoals:4 | Killed Kisielow's ghost
 73320 | Shoals:4 | Reached skill level 15 in Fire Magic
 73687 | Shoals:4 | Reached skill level 15 in Conjurations
 73998 | Shoals:4 | Noticed Ilsuiw
 74063 | Shoals:4 | HP: 6/134 [merfolk javelineer/javelin of returning (15)]
 74142 | Shoals:4 | Killed Ilsuiw
 74543 | Shoals:4 | Got a barnacled rune of Zot
 74642 | Shoals:4 | Found Edghe's Distillery.
 75632 | Elf:1    | Bought a scroll of magic mapping for 45 gold pieces
 75824 | D:14     | Bought a wand of disintegration (20) for 360 gold pieces
 76097 | Elf:3    | Noticed a deep elf blademaster
 76106 | Elf:3    | Killed a deep elf master archer
 76106 | Elf:3    | Reached XP level 20. HP: 141/141 MP: 28/38
 76139 | Elf:3    | Noticed a deep elf master archer
 76210 | Elf:3    | Killed a deep elf blademaster
 76313 | Elf:3    | Reached skill level 15 in Spellcasting
 76424 | Elf:3    | Killed a deep elf master archer
 76731 | Elf:3    | Noticed a deep elf master archer
 76749 | Elf:3    | Killed a deep elf master archer
 76853 | Elf:3    | Noticed a deep elf blademaster
 76865 | Elf:3    | Killed a deep elf blademaster
 76907 | Elf:3    | Noticed a deep elf blademaster
 77175 | Elf:3    | Noticed a deep elf master archer
 77178 | Elf:3    | Killed a deep elf master archer
 77332 | Elf:3    | Noticed a deep elf master archer
 77335 | Elf:3    | Killed a deep elf master archer
 77682 | Elf:3    | Identified the Collected Works on Moulding and Stones (You found it on level 3 of the Elven Halls)
 77711 | Elf:3    | Identified Kikubaaqudgha's Volume of the Nine Hells (You found it on level 3 of the Elven Halls)
 77725 | Elf:3    | Got a coiled wooden ring
 77728 | Elf:3    | Identified the ring "Oruculi" {rPois Dex+4 Stlth-} (You found it on level 3 of the Elven Halls)
 77736 | Elf:3    | Got a smoking robe
 77737 | Elf:3    | Identified the cursed +0 robe of Miledala {Regen+ MP+9 Str-2} (You found it on level 3 of the Elven Halls)
 77849 | Elf:3    | Killed a deep elf blademaster
 78130 | Vaults:1 | Entered Level 1 of the Vaults
 78142 | Vaults:1 | Learned a level 7 spell: Ring of Flames
 78148 | Vaults:1 | Learned a level 3 spell: Ignite Poison
 78628 | Vaults:1 | Reached skill level 1 in Charms
 79292 | Vaults:2 | Reached skill level 16 in Fire Magic
 79457 | Vaults:2 | Found Cin Foul's Magic Scroll Shop.
 79467 | Vaults:2 | Bought a scroll of acquirement for 1092 gold pieces
 79467 | Vaults:2 | Bought a scroll of teleportation for 63 gold pieces
 79467 | Vaults:2 | Bought a scroll of blinking for 157 gold pieces
 79966 | Depths:1 | Entered Level 1 of the Depths
 80673 | Depths:1 | Noticed Sinthome's ghost (mighty DsMo)
 80986 | Orc:1    | Bought a book of Death for 910 gold pieces
 80992 | Orc:1    | Learned a level 5 spell: Dispel Undead
 81320 | Vaults:1 | Reached skill level 1 in Necromancy
 82591 | Vaults:1 | Reached skill level 5 in Necromancy
 83358 | Vaults:1 | Reached XP level 21. HP: 135/150 MP: 29/40
 83727 | Vaults:2 | Noticed Norris
 84580 | Vaults:2 | Noticed Sojobo
 84672 | Vaults:2 | Killed Sojobo
 85152 | Depths:1 | Killed Sinthome's ghost
 85787 | Depths:1 | Noticed aleksiL's ghost (mighty DsWz)
 85942 | Depths:1 | Killed aleksiL's ghost
 86140 | Depths:1 | Found Notibbep's Book Shoppe.
 86416 | Depths:1 | Reached skill level 10 in Fighting
 88081 | Depths:1 | Reached skill level 5 in Charms
 88751 | Depths:2 | Found Cewux's Antique Armour Emporium.
 88824 | Depths:2 | Found a gateway to a ziggurat.
 88827 | Depths:2 | Bought a pair of glowing boots for 180 gold pieces
 88827 | Depths:2 | Bought a pair of jewelled boots for 380 gold pieces
 88827 | Depths:2 | Bought an embroidered cloak for 180 gold pieces
 88827 | Depths:2 | Bought a jewelled helmet for 380 gold pieces
 88849 | Depths:2 | Identified a +2 pair of boots of running (You bought it in a shop on level 2 of the Depths)
 88878 | Depths:2 | Identified the +0 helmet of Proximity {rPois} (You bought it in a shop on level 2 of the Depths)
 88933 | Depths:2 | Identified the -5 pair of boots of Unreason {rPois} (You bought it in a shop on level 2 of the Depths)
 88971 | Depths:2 | Bought a faintly humming robe for 228 gold pieces
 88971 | Depths:2 | Bought a runed buckler for 180 gold pieces
 88995 | Depths:2 | Identified the +1 robe "Acicalir" {Str+2 Dex+3} (You bought it in a shop on level 2 of the Depths)
 89026 | Depths:2 | Bought a runed robe for 28 gold pieces
 89816 | Depths:1 | Found a gateway to Hell.
 91846 | Depths:1 | Reached XP level 22. HP: 125/167 MP: 3/41
 93029 | Depths:2 | Reached skill level 17 in Fire Magic
 95914 | Depths:2 | Upgraded the game from 0.17-a0-1020-ge683cc4 to 0.17-a0-1079-g9903972
 96564 | Vaults:2 | Got a pair of fine gloves
 96570 | Vaults:2 | Identified the +2 pair of gloves "Citepsus" {rN+} (You found it on level 2 of the Vaults)
 96944 | Vaults:2 | Found a staircase to the Crypt.
 96984 | Vaults:2 | Killed Norris
 96984 | Vaults:2 | Reached skill level 15 in Fighting
 99739 | Vaults:3 | Reached XP level 23. HP: 156/182 MP: 17/42
100438 | Vaults:4 | Found Ochur's Magic Scroll Emporium.
100642 | Vaults:4 | Bought a scroll of silence for 105 gold pieces
101277 | Depths:4 | Reached skill level 10 in Charms
102412 | Snake:4  | Bought an uncursed ring of flight for 297 gold pieces
102412 | Snake:4  | Bought the ring "Qiniogg" {*Corrode rF+ MP+9 Slay+5} for 839 gold pieces
102971 | Depths:2 | Reached skill level 18 in Fire Magic
103181 | Zig:1    | Entered Level 1 of a ziggurat
103258 | Zig:2    | Entered Level 2 of a ziggurat
103335 | Zig:3    | Entered Level 3 of a ziggurat
103424 | Zig:4    | Entered Level 4 of a ziggurat
103449 | Zig:4    | Identified Magic in Simple Steps
103569 | Zig:5    | Entered Level 5 of a ziggurat
103826 | Zig:6    | Entered Level 6 of a ziggurat
103911 | Zig:6    | Got a coiled garnet amulet
103913 | Zig:6    | Identified the amulet of Bedik Xya {Faith rF- Int+6 Dex+4 Stlth+} (You found it on level 6 of a ziggurat)
104038 | Zig:7    | Entered Level 7 of a ziggurat
104127 | Zig:7    | Got a faintly glowing ivory ring
104128 | Zig:7    | Identified the ring "Afukuipi" {rElec rC- rN+ AC+1 Int-3} (You found it on level 7 of a ziggurat)
104249 | Zig:8    | Entered Level 8 of a ziggurat
105396 | Slime:1  | Entered Level 1 of the Pits of Slime
108194 | Slime:4  | Learned a level 6 spell: Haste
108276 | Slime:6  | Entered Level 6 of the Pits of Slime
108280 | Slime:6  | Reached XP level 24. HP: 189/189 MP: 41/43
108344 | Slime:6  | Noticed the royal jelly
108356 | Slime:6  | Killed the royal jelly
108963 | Slime:6  | Got a slimy rune of Zot
109021 | Slime:6  | Identified a +4 rod of shadows (11/11) (You found it on level 6 of the Pits of Slime)
109139 | Slime:6  | Got a shimmering dagger
109141 | Slime:6  | Identified the +5 dagger "Kuifeol" {venom, *Drain rC++ MP+9 Int+3} (You found it on level 6 of the Pits of Slime)
109173 | Slime:6  | Got a pair of slimy gloves
109188 | Slime:6  | Identified the +0 pair of gloves of Awe {-Cast +Blink MR++ SInv} (You found it on level 6 of the Pits of Slime)
111398 | Lair:7   | Upgraded the game from 0.17-a0-1079-g9903972 to 0.17-a0-1092-gc664a5b
114403 | Vaults:5 | Entered Level 5 of the Vaults
114407 | Vaults:5 | Noticed Jorgrun
114415 | Vaults:5 | Reached skill level 5 in Dodging
114426 | Vaults:5 | Killed Jorgrun
114824 | Vaults:5 | Reached XP level 25. HP: 195/195 MP: 42/45
115002 | Vaults:5 | Identified a +3 rod of inaccuracy (14/14) (You took it off a vault warden on level 5 of the Vaults)
115032 | Vaults:5 | Learned a level 4 spell: Control Teleport
117635 | Vaults:5 | Got a wavering tin ring
117693 | Vaults:5 | Identified the cursed ring of Awe {rF+ AC-3 Str+3 Dex-3} (You took it off an ironbrand convoker on level 5 of the Vaults)
117887 | Vaults:5 | Got a crude pewter ring
117895 | Vaults:5 | Identified the ring "Vemit" {SustAb Int+4} (You took it off an ironheart preserver on level 5 of the Vaults)
119328 | Vaults:5 | Noticed an ancient lich
119333 | Vaults:5 | Killed an ancient lich
119512 | Vaults:5 | Identified the Tome of Fetching Battle Magic (You found it on level 5 of the Vaults)
119826 | Vaults:5 | Got a silver rune of Zot
120022 | Vaults:5 | Reached skill level 19 in Spellcasting
122362 | Depths:3 | Reached skill level 10 in Dodging
122374 | Depths:3 | Gained mutation: You are strongly in touch with the powers of death. [Mummy growth]
122374 | Depths:3 | Reached XP level 26. HP: 203/203 MP: 0/46
123397 | Depths:5 | Entered Level 5 of the Depths
123397 | Depths:5 | Found Naism's Book Shop.
123819 | Depths:4 | Noticed the Enchantress
123822 | Depths:4 | Killed the Enchantress
124277 | Depths:4 | Got a faerie dragon armour
124293 | Depths:3 | Identified the +2 faerie dragon armour {rPois Dex+7} (You took it off the Enchantress on level 4 of the Depths)
124346 | Depths:5 | Reached skill level 1 in Armour
124584 | Depths:4 | Upgraded the game from 0.17-a0-1092-gc664a5b to 0.17-a0-1103-ga40c899
125455 | Crypt:1  | Entered Level 1 of the Crypt
125490 | Crypt:1  | Noticed Xtahua
125635 | Crypt:2  | Learned a level 6 spell: Iron Shot
126379 | Crypt:1  | Noticed Saint Roka
126410 | Crypt:1  | Killed Saint Roka
126410 | Crypt:1  | Reached skill level 5 in Armour
126963 | Crypt:1  | Killed Xtahua
127249 | Crypt:1  | Noticed Mennas
127270 | Crypt:1  | Killed Mennas
128481 | Crypt:3  | Entered Level 3 of the Crypt
128524 | Crypt:3  | Noticed Wiglaf
128527 | Crypt:3  | Killed Wiglaf
129572 | Crypt:3  | Got a jewelled dagger
129573 | Crypt:3  | Identified the +2 dagger of Gluttony {pierce, rF+ MR+ Str-5 Int+2} (You found it on level 3 of the Crypt)
129929 | Crypt:3  | Found an ancient bone altar of Kikubaaqudgha.
130239 | Crypt:3  | Reached XP level 27. HP: 209/209 MP: 37/46
130833 | Crypt:3  | Noticed an ancient lich
130837 | Crypt:3  | Killed an ancient lich
130853 | Crypt:3  | Got a warped iron ring
130853 | Crypt:3  | Got a translucent copper ring
130853 | Crypt:3  | Got a vibrating brass ring
130876 | Crypt:3  | Identified the ring of Veupp {rC+ rN+} (You found it on level 3 of the Crypt)
130878 | Crypt:3  | Identified the ring of Lest {rN+ Stlth+} (You found it on level 3 of the Crypt)
130880 | Crypt:3  | Identified the ring "Duiguwo" {rPois rN+ Str-4 Slay+3 SInv} (You found it on level 3 of the Crypt)
131225 | Crypt:3  | Reached skill level 10 in Armour
131383 | Crypt:3  | Reached skill level 10 in Earth Magic
131747 | Crypt:3  | Found a staircase to the Tomb.
131813 | Tomb:1   | Entered Level 1 of the Tomb of the Ancients
132265 | Tomb:1   | Identified a +0 rod of clouds (11/11) (You found it on level 1 of the Tomb of the Ancients)
137238 | Tomb:1   | Reached skill level 15 in Evocations
138186 | Tomb:2   | Noticed Khufu
138436 | Tomb:1   | Killed Khufu
138848 | Tomb:3   | Entered Level 3 of the Tomb of the Ancients
139920 | Tomb:3   | Noticed Mara
140499 | Tomb:2   | Killed Mara
141027 | Tomb:3   | Noticed an ancient lich
141032 | Tomb:3   | Killed an ancient lich
141032 | Tomb:3   | Reached skill level 15 in Armour
141107 | Tomb:3   | Noticed an ancient lich
141374 | Tomb:3   | Killed an ancient lich
141479 | Tomb:3   | Got a golden rune of Zot
141653 | Tomb:3   | Got a steaming golden amulet
141686 | Tomb:3   | Identified the amulet of Hiyfumyll {Stasis rElec Int+5} (You found it on level 3 of the Tomb of the Ancients)
142131 | Tomb:3   | Identified the Catalogue of Lightness
142134 | Tomb:3   | Identified the Reference Book on Protection and Curses
142795 | Depths:4 | Found Qaill's Antique Armour Shop.
142796 | Depths:4 | Found a one-way gate to the infinite horrors of the Abyss.
142799 | Depths:4 | Bought a pair of embroidered gloves for 180 gold pieces
142799 | Depths:4 | Bought a pair of scorched gloves for 380 gold pieces
142925 | Depths:4 | Identified the +0 pair of gloves of Hedonism {Int+2 Dex+3} (You bought it in a shop on level 4 of the Depths)
142944 | Depths:4 | Bought a translucent scale mail for 360 gold pieces
142944 | Depths:4 | Identified the +2 scale mail of the Castellan {rF+ rN++} (You bought it in a shop on level 4 of the Depths)
143198 | Depths:4 | Found a one-way gate leading to the halls of Pandemonium.
143741 | Depths:4 | Found a runed door.
143758 | Depths:4 | Got a smoking golden ring
143759 | Depths:4 | Identified the ring "Vol Iffo" {*Drain +Fly rPois rC+ Str+5} (You took it off a deep elf sorcerer on level 4 of the Depths)
144276 | Depths:5 | Reached skill level 20 in Spellcasting
144606 | Depths:5 | Found a corrupted altar of Lugonu.
144852 | Depths:4 | Voluntarily entered the Abyss.
145199 | Abyss:2  | Found a corrupted altar of Lugonu.
145521 | Abyss:2  | Learned a level 9 spell: Fire Storm
145882 | Abyss:3  | Found a corrupted altar of Lugonu.
145885 | Abyss:3  | Found a corrupted altar of Lugonu.
146605 | Abyss:3  | Found a corrupted altar of Lugonu.
146624 | Abyss:5  | Entered Level 5 of the Abyss
146641 | Abyss:5  | Found a corrupted altar of Lugonu.
146705 | Abyss:5  | Got a bone blowgun
146706 | Abyss:5  | Identified the cursed +1 blowgun of Purpose {evade, MR++ Int+2} (You found it on level 5 of the Abyss)
146768 | Abyss:5  | Found a roughly hewn altar of Beogh.
146846 | Abyss:5  | Found a sacrificial altar of Ru.
146911 | Abyss:5  | Found a corrupted altar of Lugonu.
147000 | Abyss:5  | Paralysed by accursed screaming for 1 turns
147564 | Abyss:5  | Found a corrupted altar of Lugonu.
147901 | Abyss:5  | Found a corrupted altar of Lugonu.
147949 | Abyss:5  | Found a corrupted altar of Lugonu.
148385 | Abyss:5  | Got a faintly glowing hand axe
148669 | Abyss:5  | Paralysed by accursed screaming for 1 turns
148732 | Abyss:5  | Got an abyssal rune of Zot
148780 | Depths:4 | Escaped the Abyss
148800 | Depths:4 | Identified the +4 hand axe "Irrafuar" {elec, rF- MP+9 Str+4} (You found it on level 5 of the Abyss)
148902 | Depths:4 | Upgraded the game from 0.17-a0-1103-ga40c899 to 0.17-a0-1110-g19bd574
149494 | Depths:5 | Found a gate to the Realm of Zot.
150328 | Zot:1    | Entered Level 1 of the Realm of Zot
151079 | Zot:1    | Noticed an orb of fire
151090 | Zot:1    | The iron shot misses the orb of fire. The orb of fire glows deep purple. The fireball explodes! The fireball engulfs you! You resist. _The fireball engulfs the orb of fire. The orb of fire completely resists. _The iron shot misses the orb of fire. You miscast Iron Shot. Your bandages stand on end. The orb of fire glows yellow. The fireball explodes! The fireball engulfs you! You resist. _The
152139 | Zot:1    | Killed an orb of fire
152350 | Zot:1    | Reached skill level 21 in Fire Magic
154938 | Zot:2    | Noticed an orb of fire
154980 | Zot:2    | Killed an orb of fire
155762 | Zot:3    | Got a twitching marble ring
155763 | Zot:3    | Identified the ring "Puganior" {Ice rN+ Int+5} (You found it on level 3 of the Realm of Zot)
155845 | Zot:3    | Reached skill level 22 in Fire Magic
158254 | Orc:3    | Fell from the grace of Gozag
158254 | Orc:3    | Became a worshipper of Vehumet
160476 | Zot:3    | Acquired Vehumet's first power
160476 | Zot:3    | Offered knowledge of Freeze by Vehumet.
160809 | Zot:4    | Reached skill level 23 in Fire Magic
161178 | Zot:5    | Entered Level 5 of the Realm of Zot
161715 | Zot:5    | Noticed an ancient lich
161720 | Zot:5    | Killed an ancient lich
161724 | Zot:5    | Noticed an ancient lich
161733 | Zot:5    | Killed an ancient lich
161740 | Zot:5    | Offered knowledge of Searing Ray by Vehumet.
161742 | Zot:5    | Noticed an orb of fire
161763 | Zot:5    | HP: 1/208 [orb of fire/fireball (29)]
161764 | Zot:5    | Killed from afar by an orb of fire

Vault maps used:
D:1:      matt_arrival_grand_opening
D:2:      yredelemnul_altar_generic, kennysheep_another_room
D:3:      minivault_11, minmay_misc_feat_cross
D:4:      lemuel_crystal_altar
D:5:      lemuel_crystal_altar, nicolae_overflow_crystal_walls, first_bread,
          uniq_prince_ribbit1
D:6:      minmay_temple_entry_glassed_door, serial_shops,
          nicolae_shop_temple_entry_statues_fountains, uniq_crazy_yiuf_cottage
D:7:      uniq_menkaure, uniq_joseph
D:8:      uniq_pikel, uniq_maurice
D:9:      kennysheep_steamy, xom_redecorated, grunt_temple_overflow_bloody_war,
          enter_bailey_3, uniq_psyche
D:10:     erik_lair_dragon, serial_bayou, serial_bayou_shore_a,
          serial_bayou_shore_b, serial_bayou_pond_d, serial_bayou_pond_c,
          serial_bayou_ford_a
D:11:     basic_altar, serial_shops, shop
D:12:     serial_shops, shop, nicolae_shop_statue_plus,
          nicolae_shop_temple_entry_statues_fountains, hangedman_ranch,
          st_stairs_6, uniq_urug, uniq_harold
D:13:     erik_vaults_2, basic_altar
D:14:     minmay_tri_stars, serial_shops, nicolae_shop_trees,
          nicolae_tso_carved_into_rock, trove_entry_hex_spiral
D:15:     grunt_enter_depths_magical_seal, basic_altar, minmay_misc_feat_iff,
          pond, uniq_nessos
Lair:1:   uniq_grum
Lair:2:   beast_lair_carwin_2, lemuel_fruit_tree, uniq_nergalle
Lair:3:   lemuel_fruit_fields, bh_autumn_forest_stairs, uniq_rupert
Lair:4:   elwin_shoals_entry_rocks, lab_entry_generic, hibernation_bobbens,
          infiniplex_staircase_pool_2
Lair:5:   infiniplex_staircase_pool, uniq_maud
Lair:6:   guppyfry_snake_entry_island, uniq_kirke, uniq_josephine
Lair:7:   slime_dummy
Lair:8:   minmay_lair_end_frog_pond, serial_bayou, serial_bayou_crossing,
          serial_bayou_shore_b, serial_bayou_pond_d, serial_bayou_pond_b,
          serial_bayou_pond_b, minmay_stone_trees_medium
Shoals:1: uniq_frances
Shoals:2: centaur_isle, uniq_aizul
Shoals:3: serial_shops, shop, nicolae_shoals_so_close, uniq_polyphemus
Shoals:4: serial_shops, nicolae_shop_stone, shoals_end_simple, shoal_ilsuiw
Snake:1:  grunt_megastairs_3
Snake:2:  basic_stair_grate_trap
Snake:3:  grunt_ministairs_10
Snake:4:  snake_pit, serial_shops, shop_fountains
Slime:3:  nicolae_slime_round_cave
Orc:1:    serial_shops, shop, shop_statue, nicolae_shop_stone, led_sif_book
Orc:2:    serial_shops, shop, nicolae_orc_flooded_monolith
Orc:3:    basic_altar, nicolae_orc_pool_cavern, elf_legates, uniq_donald,
          uniq_snorg
Orc:4:    st_orc_open
Elf:1:    serial_shops, shop, minivault_28
Elf:2:    portal_ice_cave_entry_horrid_things, minivault_19, spider_trap,
          roderic_roman_lattice
Elf:3:    minmay_elf_hall, serial_shops, bzr_entry_lakeside
Vaults:1: ontoclasm_vaults_shuriken, v_alt_pattern_5, vaults_room_pool,
          vaults_mumra_minichess, v_misc_19, v_pattern_3, vaults_dpeg_ring,
          vaults_room_stairs_pillars
Vaults:2: ontoclasm_vaults_hangar, vaults_mumra_hexcomb, v_rooms_4, v_misc_33,
          vaults_mumra_chevron, ontoclasm_vaults_chip,
          hangedman_vaults_restitches, vaults_mumra_hex,
          nicolae_vaults_branching_niches, minmay_crypt_entry_simple_box,
          uniq_norris, uniq_sojobo
Vaults:3: v_pattern_2, v_misc_28, ontoclasm_vaults_claustrophobia,
          vaults_room_fancy_cross, vaults_room_grunt_arrival_checkpoint,
          vaults_room_corners, ontoclasm_vaults_eye, vaults_room_fancy_cross
Vaults:4: ontoclasm_vaults_fault, vaults_mumra_lcd, v_misc_12,
          vaults_room_grunt_arrival_ludios, nicolae_vaults_rhombus_6,
          grunt_vaults_hallway_long, v_misc_5, hangedman_vaults_maws,
          vaults_dpeg_encased_lava, nicolae_vaults_little_squares_1,
          vaults_standard_mumra_enter_the_diamond,
          nicolae_vaults_little_squares_3
Vaults:5: serial_shops, uniq_jorgrun
Crypt:1:  uniq_xtahua, uniq_saint_roka, uniq_mennas
Crypt:3:  evilmike_haunted_forest, uniq_wiglaf
Tomb:2:   uniq_khufu
Tomb:3:   uniq_mara
Depths:1: serial_corexii_hall, corexii_hall_statues_l, corexii_hall_statues_l,
          hell_entry, kennysheep_generic_room_2
Depths:2: hangedman_cross_veins, enter_ziggurat_b, hell_entry,
          infiniplex_staircase_spiral, kennysheep_decorative_pillar
Depths:3: minmay_outward_triangles, pf_dread_powers_of_hell,
          hangedman_decor_opposing, grunt_pan_entry_zigzag,
          infiniplex_staircase_zigzag_3
Depths:4: hangedman_cross_stitches, minmay_misc_feat_enclosed, abyss_entry,
          hell_entry, rand_demon_pan_entry_5, kennysheep_treasure_room,
          infiniplex_staircase_pillars_2, uniq_enchantress
Depths:5: evilmike_zot_entry_argh, grunt_mini_vestibule, nrook_mini_backslash,
          grunt_ministairs_15, tgw_lugonu_bribe
Zot:2:    lemuel_firehouse
Zot:3:    hangedman_zot_vaults_quadrants
Zot:4:    hangedman_zot_diagonal_lockstep
Abyss:2:  evilmike_abyss_exit_6
Abyss:3:  hangedman_abyss_mock_shop
Abyss:4:  nicolae_abyss_rune_more_like_crabyss, evilmike_abyss_exit_15
Abyss:5:  due_exit_kobolds, hangedman_abyss_rune_macabre_mess
Zig:6:    ziggurat_pillar_centre_c
Lab:      labyrinth_mini_lab, lab_fountain, nicolae_lab_hexagon,
          nicolae_lab_statue, nicolae_lab_flowing_pool, nicolae_lab_quarters,
          nicolae_lab_dead_end, nicolae_lab_blocks, nicolae_lab_garden,
          nicolae_lab_x, labyrinth_glass_1
Bazaar:   bazaar_jpeg_honeycomb
IceCv:    ice_cave_tombish

Action                   |  1- 3 |  4- 6 |  7- 9 | 10-12 | 13-15 | 16-18 | 19-21 | 22-24 | 25-27 || total
-------------------------+-------+-------+-------+-------+-------+-------+-------+-------+-------++-------
Melee: Unarmed           |     9 |       |       |       |       |       |       |       |       ||     9
       Halberd           |       |    29 |       |       |       |       |       |       |       ||    29
       Dire flail        |       |     1 |    42 |       |       |       |       |       |       ||    43
       Dagger            |       |       |   200 |   144 |       |       |       |       |       ||   344
       Broad axe         |       |       |       |   182 |   636 |   181 |     6 |       |       ||  1005
       Staff             |       |       |       |       |    26 |   173 |   233 |   255 |   622 ||  1309
       Demon trident     |       |       |       |       |       |       |       |       |    22 ||    22
 Fire: Hunting sling     |    77 |   176 |       |       |       |       |       |       |       ||   253
       Blowgun           |       |       |       |       |     9 |     3 |     3 |     2 |       ||    17
Throw: Stone             |     2 |       |       |     1 |       |       |       |       |       ||     3
       Throwing net      |       |       |       |       |     2 |       |       |     1 |     2 ||     5
 Cast: Flame Tongue      |    38 |    63 |    84 |   130 |    28 |     2 |       |       |       ||   345
       Throw Flame       |     1 |     8 |    54 |   197 |   203 |    23 |       |       |       ||   486
       Sticky Flame      |       |     1 |    11 |    78 |   175 |   120 |   113 |   121 |   167 ||   786
       Fireball          |       |       |     1 |    45 |   266 |   639 |   510 |   427 |   351 ||  2239
       Conjure Flame     |       |       |     1 |    16 |    10 |       |       |       |       ||    27
       Sting             |       |       |       |    10 |    59 |     6 |    15 |       |     1 ||    91
       Blink             |       |       |       |     2 |    11 |     9 |    29 |    11 |    65 ||   127
       Stone Arrow       |       |       |       |       |    24 |    62 |   104 |    27 |    66 ||   283
       Apportation       |       |       |       |       |     6 |     1 |     2 |    13 |    13 ||    35
       Shroud of Golubri |       |       |       |       |     1 |       |       |       |       ||     1
       Bolt of Magma     |       |       |       |       |    29 |    44 |       |       |       ||    73
       Lee's Rapid Decon |       |       |       |       |       |     8 |    20 |    30 |   173 ||   231
       Bolt of Fire      |       |       |       |       |       |    60 |   201 |   292 |   809 ||  1362
       Repel Missiles    |       |       |       |       |       |     1 |    10 |     2 |     8 ||    21
       Ignite Poison     |       |       |       |       |       |       |     4 |     3 |       ||     7
       Dispel Undead     |       |       |       |       |       |       |    16 |     8 |   345 ||   369
       Ring of Flames    |       |       |       |       |       |       |     1 |       |     3 ||     4
       Haste             |       |       |       |       |       |       |       |     1 |    18 ||    19
       Passage of Golubr |       |       |       |       |       |       |       |       |     1 ||     1
       Iron Shot         |       |       |       |       |       |       |       |       |   376 ||   376
       Fire Storm        |       |       |       |       |       |       |       |       |     2 ||     2
       Control Teleport  |       |       |       |       |       |       |       |       |     1 ||     1
Invok: Potion Petition   |       |       |     1 |     5 |       |       |     3 |       |     2 ||    11
       Call Merchant     |       |       |       |       |       |     2 |     3 |     2 |     1 ||     8
 Abil: Evoke Flight      |       |       |       |       |       |       |       |     1 |       ||     1
       Evoke Teleportati |       |       |       |       |       |       |       |       |    13 ||    13
Evoke: Wand              |       |     4 |    16 |    26 |    17 |    41 |    44 |    18 |    28 ||   194
       Deck              |       |       |       |     3 |     1 |     1 |       |       |     2 ||     7
       Rod               |       |       |       |       |     1 |     1 |     7 |     1 |     9 ||    19
       Staff of Wucad Mu |       |       |       |       |       |   217 |   206 |   107 |   470 ||  1000
       Phantom mirror    |       |       |       |       |       |       |     2 |       |       ||     2
       Phial of floods   |       |       |       |       |       |       |       |       |     6 ||     6
       Lamp of fire      |       |       |       |       |       |       |       |       |     1 ||     1
  Use: Scroll            |       |     8 |     4 |    14 |    11 |     8 |    27 |    18 |    42 ||   132
 Stab: Distracted        |       |       |       |     2 |    12 |     5 |       |     1 |    12 ||    32
       Sleeping          |       |       |       |     1 |     5 |     3 |       |     2 |     1 ||    12
       Held in net/web   |       |       |       |       |     2 |       |       |       |     2 ||     4
       Petrified         |       |       |       |       |     2 |       |       |       |       ||     2
       Paralysed         |       |       |       |       |       |     3 |       |       |       ||     3
